 Dungeon Crawl Stone Soup version 0.28.0 (webtiles) character file.

Game seed: 11773348038152741238

123 themarg the Caller (level 5, -4/36 HPs)
             Began as a Merfolk Summoner on Feb 18, 2022.
             Slain by Crazy Yiuf (8 damage)
             ... on level 2 of the Dungeon.
             The game lasted 00:10:58 (2471 turns).

themarg the Caller (Merfolk Summoner)               Turns: 2471, Time: 00:10:59

Health: -4/36      AC:  2    Str:  8    XL:     5   Next: 7%
Magic:  7/9        EV: 13    Int: 11    God:
Gold:   29         SH:  0    Dex: 15    Spells: 3/10 levels left

rFire   . . .      SeeInvis .   q - +6 mace "Merfolk's Foe" {drain, rC+ Int-5 Stlth+}
rCold   + . .      Faith    .   (no shield)
rNeg    . . .      Spirit   .   a - +0 robe
rPois   .          Reflect  .   (no helmet)
rElec   .          Harm     .   (no cloak)
rCorr   .          Rampage  .   (no gloves)
Will    .....                   (no boots)
Stlth   +++.......              (no amulet)
HPRegen 0.12/turn               (no ring)
MPRegen 0.11/turn               (no ring)

@: invisible
A: (nimble swimmer 2), mertail
a: no special abilities


You were on level 2 of the Dungeon.
You visited 1 branch of the dungeon, and saw 2 of its levels.

You collected 29 gold pieces.

Inventory:

Hand Weapons
 j - a +1 dagger of flaming
 k - a +1 dagger of venom
 p - a +1 dagger of draining
 q - the +6 mace "Merfolk's Foe" (weapon) {drain, rC+ Int-5 Stlth+}
   (You found it on level 2 of the Dungeon)

   A truly terrible weapon, it drains the life of any living foe it strikes.
   Int:       It affects your intelligence (-5).
   rC:        It protects you from cold.
   Stlth:     It makes you more stealthy.
Missiles
 f - 61 stones
Armour
 a - a +0 robe (worn)
Scrolls
 b - 5 scrolls of identify {unknown}
 d - a scroll of enchant weapon {unknown}
 e - a scroll of blinking {unknown}
 g - a scroll of magic mapping {unknown}
 h - a scroll of teleportation {unknown}
 l - a scroll of torment {unknown}
 o - 2 scrolls of enchant armour {unknown}
Potions
 c - a potion of mutation {unknown}
 i - a potion of cancellation {unknown}
 m - a potion of might {unknown}
 n - a potion of invisibility {unknown}


   Skills:
 + Level 0.9 Fighting
 + Level 1.5 Short Blades
 + Level 3.1 Dodging
 + Level 2.9 Stealth
 + Level 3.1 Spellcasting
 + Level 4.7 Summonings


You had 3 spell levels left.
You knew the following spells:

 Your Spells              Type           Power      Damage    Failure   Level
a - Summon Small Mammal   Summ           48%        N/A       3%          1
b - Call Canine Familiar  Summ           12%        N/A       11%         3
c - Summon Guardian Gole  Hex/Summ       6%         N/A       28%         3

Your spell library contained the following spells:

 Spells                   Type           Power      Damage    Failure   Level
 Call Imp                 Summ           12%        N/A       5%          2
 Gell's Gravitas          Tloc           1%         N/A       61%         3
 Teleport Other           Tloc           1%         N/A       61%         3
 Summon Lightning Spire   Summ/Air       6%         N/A       67%         4
 Dispersal                Tloc           0%         N/A       100%        6


Dungeon Overview and Level Annotations

Branches:
Dungeon (2/15)

Altars:

Annotations:
D:2 Crazy Yiuf


Innate Abilities, Weirdness & Mutations

((You are very nimble when in or above water. (Stealth+, EV+, Speed+++)))
Your lower body shifts to a powerful aquatic tail in water.


Message History

Your +1 dagger of venom stops dripping with poison.
You feel stupid.
You sense an unholy aura.
q - the +6 mace "Merfolk's Foe" (weapon)
{drain, rC+ Int-5 Stlth+}
Found a mace.
Found a runed translucent door.
This spell is quite dangerous to cast!
Memorise Summon Guardian Golem, consuming 3 spell levels and leaving 3?
You start memorising the spell.
You continue memorising. x3
You finish memorising.
Spell assigned to 'c'.
Casting: Summon Small Mammal (safe; 3% risk of failure)
Confirm with . or Enter, or press ? or * to list all spells.
The spell is quite dangerous to miscast (28% risk of failure)!
Continue anyway?
A guardian golem appears, shielding your allies.
You open the door.
There is an open translucent door here.
Crazy Yiuf shouts!
Crazy Yiuf says, "Blight!
Mama spinner seventy."
Crazy Yiuf hits you with a +2 quarterstaff of chaos.
You sock Crazy Yiuf! You drain Crazy Yiuf.
Crazy Yiuf is heavily wounded.
Crazy Yiuf hits you with a +2 quarterstaff of chaos.
Crazy Yiuf yells, "Lugonu canine broken!"
Crazy Yiuf misses you.
You barely miss Crazy Yiuf.
Crazy Yiuf is heavily wounded.
Crazy Yiuf hits you with a +2 quarterstaff of chaos!
You fade into invisibility!
You strike the helpless Crazy Yiuf from behind!
You hit Crazy Yiuf. You drain Crazy Yiuf.
Crazy Yiuf is severely wounded.
Crazy Yiuf hits your guardian golem but does no damage.
You hit Crazy Yiuf.
Crazy Yiuf is almost dead.
Crazy Yiuf hits you with a +2 quarterstaff of chaos!
* * * LOW HITPOINT WARNING * * *
Crazy Yiuf burns you.
* * * LOW HITPOINT WARNING * * *
Crazy Yiuf whimpers, "Hah blue shrimp!"
Crazy Yiuf hits you with a +2 quarterstaff of chaos!
You die...

#...r........#
#......
#............#
#......
#####............#
#......
#...#.############
##..... #...+.#
###... #...#.#
♣♣♣♣♣####...
#.....#
#####♣♣♣.♣....##...
#..†..#
#.9.#♣..♣......#...
#.....#
#g@.'.♣♣♣♣......#..
#.....# #)..#♣♣
♣♣...).'.. ###...#
##### ♣♣#####..
#...# #.. #...#
####..
################
#..... #....#....#
#####. #.##.#.##.##
##.. ##...†#.##..#
##...


You could see Crazy Yiuf (drained, ally target) and a friendly guardian golem
(summoned).

Vanquished Creatures
  2 adders (D:2)
  3 ball pythons
  6 bats
  An endoplasm (D:2)
  A giant cockroach (D:2)
  2 hobgoblins (D:1)
  2 quokkas (D:1)
  2 frilled lizards (D:1)
  2 goblins (D:2)
  3 kobolds (D:2)
24 creatures vanquished.

Vanquished Creatures (collateral kills)
  Terence (D:1)
  Robin (D:2)
  An adder (D:2)
  2 dart slugs (D:1)
  3 ball pythons
  2 endoplasms (D:1)
  A giant cockroach (D:2)
  7 goblins
  3 hobgoblins
  4 bats (D:1)
  A frilled lizard (D:1)
  4 kobolds
  2 rats (D:1)
32 creatures vanquished.

Grand Total: 56 creatures vanquished

Notes
Turn   | Place    | Note
-------+----------+-------------------------------------------
     0 | D:1      | themarg the Merfolk Summoner began the quest for the Orb.
     0 | D:1      | Reached XP level 1. HP: 13/13 MP: 3/3
   108 | D:1      | Reached XP level 2. HP: 6/19 MP: 1/5
   797 | D:1      | Reached XP level 3. HP: 24/24 MP: 3/6
  1314 | D:2      | Learned a level 3 spell: Call Canine Familiar
  1337 | D:2      | Noticed Robin
  1344 | D:2      | Reached skill level 1 in Short Blades
  1367 | D:2      | Killed Robin
  1368 | D:2      | Reached XP level 4. HP: 21/31 MP: 2/8
  1695 | D:2      | Noticed Terence
  1746 | D:1      | Killed Terence
  2345 | D:2      | Found a faded altar of an unknown god.
  2396 | D:2      | Reached XP level 5. HP: 35/36 MP: 7/9
  2449 | D:2      | Identified the +6 mace "Merfolk's Foe" {drain, rC+ Int-5
                  | Stlth+}
  2455 | D:2      | Found a runed translucent door.
  2456 | D:2      | Noticed Crazy Yiuf
  2463 | D:2      | Learned a level 3 spell: Summon Guardian Golem
  2471 | D:2      | Slain by Crazy Yiuf

Illustrated notes

Levels and vault maps discovered:
D:1:      lemuel_arrival_broad_hall, layout_basic
D:2:      layout_basic, hellmonk_ecumenical_altar_crossroads,
          nicolae_figureground_pulse, uniq_crazy_yiuf_cottage, uniq_terence,
          uniq_robin

Skill      XL: |  1  2  3  4 |
---------------+-------------+-----
Dodging        | 3 |  3.1
Short Blades   | 1 |  1.5
Spellcasting   | 3 |  3.1
Fighting       | |  0.9
Stealth        | |  2.9
Summonings     | |  4.7

Action                   |  1- 3 |  4- 6 || total
-------------------------+-------+-------++-------
Melee: Short sword       |    46 |       ||    46
       Unarmed           |     3 |       ||     3
       Dagger            |       |    31 ||    31
       Mace              |       |     4 ||     4
 Cast: Summon Small Mamm |    39 |    17 ||    56
       Call Canine Famil |     1 |     5 ||     6
       Summon Guardian G |       |     1 ||     1
 Stab: Sleeping          |     5 |       ||     5
       Invisible         |       |     1 ||     1
Armor: Robe              |    16 |     3 ||    19
Dodge: Dodged            |    45 |    26 ||    71
